AoeStats
← Sebastian2Go

MegaRandom

505176601Analyzed
1v1 RM · 24d ago on Sep 8, 2026· 42m 1s· 2 players
Game mode
Random Map
Map size
Tiny (2 player)
Population
200
Speed
Normal
Resources
Standard
Victory
Conquest
Starting age
Dark Age
Ending age
Imperial Age
RankedLock teamsTeams togetherTeam positionsShared explorationLock speedFull tech treeHidden civsTurbo modeCheats
Victory
Defeat
🇦🇷 Vietnamese · Argentina
570
+13
🇨🇴 Saracens · Colombia
500
-14
Sebastian2Go
13:37 Feudal Age
12:29 Loom
14:38 Man-at-Arms
18:56 Bloodlines
22:58 Double-Bit Axe
24:43 Horse Collar
29:42 Castle Age
29:53 Scale Barding Armor
29:49 Scale Mail Armor
32:52 Bow Saw
32:44 Heavy Plow
32:40 Gold Mining
32:47 Stone Mining
35:49 Squires
35:10 Pikeman
35:36 Gambesons
35:12 Man-at-Arms
41:28 Gold Shaft Mining
41:29 Chain Barding Armor
41:25 Chain Mail Armor
41:21 Forging
41:12 Padded Archer Armor
jonik.mdp2
10:01 Feudal Age
11:21 Wheelbarrow
10:34 Double-Bit Axe
10:31 Horse Collar
14:46 Gold Mining
15:10 Fishing Lines
16:17 Town Watch
23:53 Castle Age
24:50 Hand Cart
24:53 Bow Saw
24:35 Stone Mining
24:54 Heavy Plow
26:39 Stone Shaft Mining
29:03 Crossbowman
29:47 Murder Holes
31:05 Town Patrol
31:14 Treadmill Crane
32:36 Squires
40:37 Imperial Age
37:33 Pikeman
37:40 Elite Skirmisher
40:05 Ballistics
41:32 Capped Ram
41:35 Imperial Skirmisher
42:20 Thumb Ring
41:38 Halberdier
Connection lost

Rejoining the realm…

Still unreachable

The connection could not be restored.

Session expired

The server has moved on; the page needs a fresh start.